Map: Ultralove

Players

evilloser

  • Race: Terran Terran
  • League: Gold
  • Spawn Location: 7:00

WeAreLegion - Winner!

  • Race: Terran Terran
  • League: Silver
  • Spawn Location: 1:00

VOD

Have the link to the VOD?

Description

Time

  • Played on: Dec. 3, 2024, 8:05 p.m.
  • Length: 9:28
Show
View Real Time Build Order
Export as new Build Order

evilloser Terran 

Build Orders:  

Get SALT Encoding   

  11  2:11  SCV  
  12  2:22  Refinery  
  12  2:24  SCV  
  13  2:36  SCV  
  14  2:41  Supply Depot  
  14  2:51  SCV  
  15  3:04  SCV  
  15  3:05  Barracks  
  16  3:16  SCV, Refinery  
  17  3:28  SCV  
  17  3:29  Supply Depot  
  18  3:40  SCV  
  19  3:52  SCV  
  20  3:56  Marine  
  20  3:57  Bunker  
  21  4:04  SCV  
  22  4:16  SCV  
  23  4:18  Barracks Tech Lab  
  23  4:28  SCV  
  24  4:34  Supply Depot  
  24  4:40  Marauder  
  26  4:59  Factory  
  26  5:01  Marine  
  26  5:02  Orbital Command  
  27  5:08  Supply Depot  
  27  5:32  Barracks Reactor  
  26  6:05  Starport  
  26  6:09  Siege Tank  
  29  6:17  Marine, Bunker  
  29  6:18  Marine  
  31  7:03  Factory Tech Lab  
  31  7:06  Cloaking Field  
  31  7:08  Banshee  
  34  7:15  Marine x2  
  36  7:33  Marine x2  
  38  7:50  Siege Tank  
  38  7:51  Liberator, Marine x2  
  45  8:09  Marine x2  
  47  8:30  Marine x2  
  47  8:34  Viking  
  46  8:47  Marine  
  47  8:55  Marine  
  47  8:56  Hellion  
  32  9:05  Marine  
Show
View Real Time Build Order
Export as new Build Order

WeAreLegion Terran - Winner!

Build Orders:  

Get SALT Encoding   

  12  0:00  SCV  
  13  0:12  SCV  
  14  0:18  Supply Depot  
  14  0:24  SCV  
  15  0:40  SCV  
  16  0:47  Barracks  
  16  0:56  Supply Depot  
  16  1:17  SCV  
  17  1:30  SCV  
  18  1:44  Marine  
  19  1:47  Orbital Command  
  19  1:51  Refinery  
  19  2:14  SCV  
  20  2:17  Marine  
  21  2:26  SCV  
  22  2:35  Command Center  
  22  2:38  Supply Depot, SCV  
  23  2:55  Refinery  
  23  3:00  SCV, Reaper  
  25  3:12  SCV  
  26  3:14  Factory  
  26  3:24  SCV  
  27  3:32  Barracks Reactor  
  27  3:36  SCV  
  28  3:48  SCV  
  28  3:51  Engineering Bay  
  29  4:00  SCV  
  30  4:05  Starport  
  30  4:07  Widow Mine  
  32  4:12  Orbital Command, SCV  
  32  4:15  Marine  
  32  4:16  Marine  
  35  4:25  SCV  
  35  4:28  Widow Mine  
  38  4:33  Marine x2  
  38  4:37  SCV  
  41  4:42  Missile Turret  
  41  4:48  Supply Depot, SCV  
  41  4:49  SCV  
  41  4:51  Marine x2  
  45  4:55  Factory Tech Lab  
  45  5:00  SCV  
  46  5:09  Marine x2  
  46  5:10  SCV, Medivac  
  46  5:12  SCV  
  52  5:15  Barracks  
  52  5:17  Barracks  
  52  5:24  Refinery  
  52  5:27  SCV x2  
  54  5:40  Supply Depot x2  
  54  5:43  Supply Depot, SCV  
  54  6:02  SCV x2  
  54  6:03  Barracks Tech Lab  
  56  6:05  Siege Tank  
  56  6:06  Barracks Tech Lab  
  59  6:14  SCV  
  60  6:20  Refinery  
  60  6:26  Supply Depot  
  60  6:27  Supply Depot  
  60  6:34  Terran Infantry Weapons Level 1  
  60  6:35  Combat Shield, Stimpack  
  60  6:36  Command Center  
  60  6:44  Barracks  
  60  6:45  SCV x2  
  60  6:46  Barracks  
  62  6:49  Supply Depot  
  62  6:50  Supply Depot  
  62  6:53  Marine  
  62  6:54  Marine  
  64  6:55  Siege Tank  
  64  6:56  Liberator  
  64  6:57  SCV  
  71  7:11  Marine x2  
  71  7:13  Supply Depot x2  
  73  7:18  SCV x2  
  73  7:22  Marine x2  
  76  7:27  Siege Tank  
  76  7:29  Marine x2  
  82  7:30  SCV  
  83  7:39  Medivac  
  83  7:40  Marine x2  
  87  7:45  Missile Turret  
  87  7:47  Marine  
  88  7:59  Siege Tank  
  86  8:55  Marine x4  
Tags
 
Matchup
TvT
Race
Terran
Replay Pack
December
Spawn Locations
Cross Positions
Add a new tag
Caveats
  • Supply blocks, unpowered buildings, or Contaminate may cause inaccurate times.
  • Supply counts are checked every 10 seconds.